 Dungeon Crawl Stone Soup version 0.28.0-45-g0d030f2227 (webtiles) character file.

Game seed: 15255017312738579316

13227 McKennaii the Destroyer (level 11, -2/68 HPs)
             Began as a Demonspawn Conjurer on Apr 14, 2022.
             Slain by a seven-headed hydra (8 damage)
             ... on level 11 of the Dungeon.
             The game lasted 00:21:48 (15503 turns).

McKennaii the Destroyer (Demonspawn Conjurer)      Turns: 15503, Time: 00:21:48

Health: -2/68      AC:  7    Str:  7    XL:     11   Next: 72%
Magic:  36/36      EV: 12    Int: 25    God:
Gold:   801        SH:  0    Dex: 11    Spells: 14/35 levels left

rFire   + . .      SeeInvis .   D - staff of conjuration
rCold   + . .      Faith    .   (no shield)
rNeg    + . .      Spirit   .   l - +2 robe {rC+ rF+}
rPois   .          Reflect  .   (no helmet)
rElec   .          Harm     .   C - +0 cloak
rCorr   .          Rampage  .   g - +0 pair of gloves
Will    .....                   x - +0 pair of boots
Stlth   ++........              o - amulet of magic regeneration
HPRegen 0.21/turn               k - ring of magical power
MPRegen 0.65/turn               m - ring of positive energy

@: no status effects
A: spiny 2, sturdy frame 2, demonic magic 1
a: no special abilities


You were on level 11 of the Dungeon.
You visited 2 branches of the dungeon, and saw 12 of its levels.
You also visited: Bailey.

You collected 823 gold pieces.
You spent 22 gold pieces at shops.

Inventory:

Hand Weapons
 u - a +3 spear of freezing
Armour
 g - a +0 pair of gloves (worn)
 l - a +2 robe of resistance (worn)
 x - a +0 pair of boots (worn)
 C - a +0 cloak (worn)
Magical Staves
 D - a staff of conjuration (weapon)
Jewellery
 e - a ring of flight
 k - a ring of magical power (left hand)
 m - a ring of positive energy (right hand)
 o - an amulet of magic regeneration (around neck)
 v - a ring of ice
Wands
 d - a wand of digging (5)
 q - a wand of mindburst (2)
 G - a wand of iceblast (9)
 I - a wand of flame (5)
Scrolls
 b - 2 scrolls of enchant armour
 h - 7 scrolls of teleportation
 i - 2 scrolls of torment
 n - 2 scrolls of vulnerability
 p - 2 scrolls of immolation
 s - a scroll of noise
 y - 7 scrolls of fear
 z - a scroll of blinking
 A - a scroll of brand weapon
 J - a scroll of identify
Potions
 a - 3 potions of curing
 c - 3 potions of heal wounds
 f - 5 potions of mutation
 j - 2 potions of might
 r - a potion of attraction
 t - a potion of ambrosia
 w - a potion of haste
 B - a potion of experience
 E - a potion of cancellation
 F - a potion of berserk rage {unknown}
 H - a potion of brilliance {unknown}


   Skills:
 - Level 1.7 Dodging
 - Level 1.7 Stealth
 + Level 12.5 Spellcasting
 + Level 13.9 Conjurations
 + Level 0.8 Earth Magic


You had 14 spell levels left.
You knew the following spells:

 Your Spells              Type           Power      Damage    Failure   Level
a - Magic Dart            Conj           100%       1d8       0%          1
b - Searing Ray           Conj           100%       2d8       1%          2
c - Iskenderun's Mystic   Conj/Tloc      66%        2d14      2%          4
d - Iron Shot             Conj/Erth      34%        9d7       28%         6
e - Lehudib's Crystal Sp  Conj/Erth      34%        10d9      100%        8

Your spell library contained the following spells:

 Spells                   Type           Power      Damage    Failure   Level
 Dazzling Flash           Conj/Hex       100%       N/A       1%          3
 Fulminant Prism          Conj/Hex       33%        3d16      2%          4
 Summon Small Mammal      Summ           60%        N/A       3%          1
 Passwall                 Tmut/Erth      14%        N/A       4%          2
 Blink                    Tloc           30%        N/A       6%          2
 Corpse Rot               Necr/Air       30%        N/A       6%          2
 Poisonous Vapours        Pois/Air       30%        N/A       6%          2
 Call Canine Familiar     Summ           15%        N/A       12%         3
 Confusing Touch          Hex            15%        N/A       12%         3
 Portal Projectile        Hex/Tloc       30%        N/A       12%         3
 Summon Guardian Golem    Hex/Summ       15%        N/A       12%         3
 Leda's Liquefaction      Hex/Erth       8%         N/A       32%         4
 Passage of Golubria      Tloc           15%        N/A       36%         4
 Manifold Assault         Tloc           15%        N/A       71%         5
 Silence                  Hex/Air        7%         N/A       71%         5
 Yara's Violent Unravell  Hex/Tmut       7%         3d5       71%         5
 Enfeeble                 Hex            7%         N/A       100%        7
 Storm Form               Tmut/Air       7%         N/A       100%        7


Dungeon Overview and Level Annotations

Branches:
Dungeon (11/15)            Temple (1/1) D:5             Orc (0/2) D:9
 Bailey (visited)
   Lair: D:8-11

Altars:
Ashenzari
Cheibriados
Dithmenos
Elyvilon
Fedhas
Gozag
Hepliaklqana
Kikubaaqudgha
Makhleb
Nemelex Xobeh
Okawaru
Qazlal
Ru
Sif Muna
Trog
Vehumet
Wu Jian
Xom
Yredelemnul
Zin
The Shining One

Shops:
D:1 ![=(   D:6 *


Innate Abilities, Weirdness & Mutations

You are mostly covered in sharp spines.
Your movements are less encumbered by armour. (ER -4)
Spells you cast may paralyse adjacent enemies.


Message History

The mystic blast hits the komodo dragon!
You kill the komodo dragon!
Malevolent energies surge around you.
You hear a roar!
A seven-headed hydra comes into view.
A seven-headed hydra is nearby!
You can't go up here!
There is a stone staircase leading up here.
You climb upwards.
There is a stone staircase leading down here.
You see here a +0 robe.
Magic restored.
Things that are here:
a +0 flail; a +0 halberd
Things that are here:
a +0 spear; a +0 scale mail; a +0 trident
There is a stone staircase leading down here.
You start resting.
HP restored.
Done exploring.
Done exploring.
You can't see any susceptible monsters within range! (Use Z to cast anyway.)
Things that are here:
a +0 spear; a +0 scale mail; a +0 trident
Things that are here:
a +0 flail; a +0 halberd
(D) Dungeon (T) Temple (O) Orcish Mines
Where to? (Enter - D:10 @ (x,y), ? - help)
What level of the Dungeon? (default 1, ? - help)
You see here a +0 robe.
There is a stone staircase leading down here.
You climb downwards.
The seven-headed hydra bites you.
The seven-headed hydra bites you! x2; The seven-headed hydra bites you.
The seven-headed hydra bites you! x3
* * * LOW HITPOINT WARNING * * *
The seven-headed hydra is struck by your spines.
The seven-headed hydra bites you!
* * * LOW HITPOINT WARNING * * *
The seven-headed hydra misses you. The seven-headed hydra bites you!
You die...

###### #.# ..... #.#
###...# #.# ..#...# #.#
###.#...# #.# #...#...#
#.# ...#...# #.#
...#############.#...#
#.#
.....รทรท....@D........#
#.#
......######.###.#.#.#
#.#
...............#.#.#.#
#.# ....
.######.#.#.#.#.. #.#
... #.#...#.#####.### ..
#+#####.......... .
..............###
....###.......# ..
#..####.#


You could see a seven-headed hydra.

Vanquished Creatures
  An orc warlord (Bailey)
  Harold (D:7)
  2 two-headed ogres
  Erica (D:8)
  A centaur warrior (D:8)
  The ghost of P0WERM0DE the Thaumaturge, a novice TeIE of Cheibriados (D:10)
  A deep elf pyromancer (D:8)
  Pikel (D:7)
  An orc knight (Bailey)
  2 cyclopes (D:8)
  An unseen horror (D:8)
  A komodo dragon (D:11)
  A troll (D:10)
  A meliai (D:8)
  2 slime creatures (D:8)
  Sigmund (D:3)
  A ynoxinul (D:10)
  2 wyverns
  4 yaks (D:10)
  A steam dragon (D:8)
  2 acid dragons
  A water moccasin (D:7)
  A hornet zombie (D:4)
  8 orc warriors
  A black bear (D:6)
  A sky beast (D:4)
  2 necrophages (D:4)
  5 ogres
  3 centaurs
  A lemure (D:7)
  A phantom (D:4)
  A kobold brigand (D:8)
  4 bullfrogs
  2 gnoll sergeants
  A wyvern zombie (D:8)
  3 killer bees (D:9)
  8 wights
  3 howler monkeys
  2 hounds
  3 bullfrog skeletons
  A gnoll shaman (D:9)
  An orc priest (D:4)
  6 jellies
  A centaur skeleton (D:5)
  Crazy Yiuf (D:7)
  An iguana (D:4)
  10 orc wizards
  Ijyb (D:3)
  Natasha (thrice) (D:3)
  A killer bee zombie (D:8)
  A howler monkey skeleton (D:4)
  14 gnolls
  7 adders
  A white imp (D:6)
  2 adder skeletons (D:4)
  A worm (D:5)
  4 dart slugs
  36 orcs
  6 ball pythons
  A bat (D:1)
  8 endoplasms
  3 giant cockroaches
  4 goblins
  11 hobgoblins
  29 kobolds
  8 quokkas
  A frilled lizard (D:2)
  8 rats
251 creatures vanquished.

Vanquished Creatures (others)
  12 fungi (D:11)
  15 plants
  A withered plant (D:2)
28 creatures vanquished.

Grand Total: 279 creatures vanquished

Notes
Turn   | Place    | Note
-------+----------+-------------------------------------------
     0 | D:1      | McKennaii the Demonspawn Conjurer began the quest for the
                  | Orb.
     0 | D:1      | Reached XP level 1. HP: 13/13 MP: 3/3
   191 | D:1      | Found Woga's Antique Armour Shoppe.
   292 | D:1      | Gained mutation: Spells you cast may paralyse adjacent
                  | enemies. [demonic ancestry]
   292 | D:1      | Reached XP level 2. HP: 19/19 MP: 0/5
   298 | D:1      | Found Udiku's One-of-a-Kind Rings.
   399 | D:1      | Found Vouph's Weapon Shoppe.
   409 | D:1      | You fall into a shaft and drop 1 floor!
   764 | D:1      | Found Iwel's Distillery.
   850 | D:1      | Reached XP level 3. HP: 22/24 MP: 0/7
  1219 | D:1      | Found Qielakk's Distillery.
  2032 | D:2      | Found a faded altar of an unknown god.
  2110 | D:2      | Reached XP level 4. HP: 30/30 MP: 2/8
  2221 | D:3      | Noticed Ijyb
  2285 | D:3      | Noticed Natasha
  2290 | D:3      | Killed Natasha
  2291 | D:3      | Reached skill level 5 in Conjurations
  2431 | D:3      | Found a blossoming altar of Fedhas.
  2442 | D:3      | Noticed Sigmund
  2477 | D:2      | Learned a level 2 spell: Searing Ray
  2556 | D:3      | Learned a level 4 spell: Iskenderun's Mystic Blast
  2887 | D:3      | Killed Ijyb
  2986 | D:3      | Noticed Natasha
  2993 | D:3      | Killed Natasha
  2994 | D:3      | Gained mutation: Your movements are slightly less
                  | encumbered by armour. (ER -2) [demonic ancestry]
  2994 | D:3      | Reached XP level 5. HP: 27/35 MP: 2/10
  3360 | D:3      | Found a shadowy altar of Dithmenos.
  3596 | D:3      | Killed Sigmund
  3597 | D:3      | Reached skill level 6 in Conjurations
  3597 | D:3      | Gained mutation: You are partially covered in sharp spines.
                  | [demonic ancestry]
  3597 | D:3      | Reached XP level 6. HP: 32/41 MP: 3/12
  3876 | D:3      | Noticed Natasha
  3888 | D:3      | Killed Natasha
  4001 | D:4      | Reached skill level 5 in Spellcasting
  4151 | D:4      | Gained mutation: Your movements are less encumbered by
                  | armour. (ER -4) [demonic ancestry]
  4151 | D:4      | Reached XP level 7. HP: 46/46 MP: 7/14
  4614 | D:4      | Reached skill level 7 in Conjurations
  5074 | D:4      | Found a broken altar of Ashenzari.
  5635 | D:5      | Entered Level 5 of the Dungeon
  5639 | D:5      | Reached XP level 8. HP: 52/52 MP: 13/17
  5997 | D:5      | Reached skill level 8 in Conjurations
  6108 | D:5      | Found a staircase to the Ecumenical Temple.
  6364 | D:5      | Found an iron altar of Okawaru.
  7123 | Temple   | Entered the Ecumenical Temple
  7433 | D:6      | Found Odisoan's General Store.
  7436 | D:6      | Bought a scroll of identify for 22 gold pieces
  7568 | D:6      | Reached skill level 9 in Conjurations
  7600 | D:6      | Gained mutation: You are mostly covered in sharp spines.
                  | [demonic ancestry]
  7600 | D:6      | Reached XP level 9. HP: 57/57 MP: 16/20
  7649 | D:6      | Found a hazy altar of Hepliaklqana.
  8345 | D:7      | Noticed Pikel
  8352 | D:7      | Killed Pikel
  8380 | D:7      | Noticed Harold
  8533 | D:7      | Found a basalt altar of Yredelemnul.
  8616 | D:7      | Found a runed translucent door.
  8617 | D:7      | Noticed Crazy Yiuf
  8667 | D:7      | Reached skill level 10 in Conjurations
  9021 | D:8      | Noticed a centaur warrior
  9028 | D:8      | Killed a centaur warrior
  9124 | D:8      | Reached skill level 11 in Conjurations
  9124 | D:8      | Reached XP level 10. HP: 25/63 MP: 14/23
  9183 | D:8      | Noticed a cyclops
  9317 | D:8      | Found a flagged portal.
  9379 | Bailey   | Entered a bailey
  9403 | Bailey   | Noticed an orc warlord
  9655 | Bailey   | Found a runed translucent gate.
  9655 | Bailey   | Found a runed translucent gate.
  9655 | Bailey   | Found a runed translucent gate.
  9739 | Bailey   | Noticed an orc knight
  9764 | Bailey   | Killed an orc knight
  9765 | Bailey   | Reached skill level 10 in Spellcasting
 10136 | Bailey   | Killed an orc warlord
 10409 | D:8      | Reached skill level 12 in Conjurations
 10557 | D:8      | Noticed Erica
 10922 | D:7      | Killed Harold
 11079 | D:7      | Found a burning altar of Makhleb.
 11210 | D:7      | Killed Crazy Yiuf
 11380 | D:8      | Noticed a cyclops
 11398 | D:8      | Killed a cyclops
 11527 | D:8      | Noticed a deep elf pyromancer
 11532 | D:8      | Killed a deep elf pyromancer
 11537 | D:8      | Reached XP level 11. HP: 53/68 MP: 15/26
 12159 | D:8      | Killed Erica
 12160 | D:8      | Reached skill level 13 in Conjurations
 13265 | D:9      | Found a staircase to the Orcish Mines.
 13319 | D:9      | Noticed a two-headed ogre
 13329 | D:9      | Killed a two-headed ogre
 13928 | D:9      | Identified the +9 rapier "Pyaviw" {antimagic, Stlth+}
 14100 | D:10     | Entered Level 10 of the Dungeon
 14105 | D:10     | Found a runed translucent door.
 14128 | D:10     | Noticed P0WERM0DE's ghost (novice TeIE)
 14153 | D:10     | Noticed a two-headed ogre
 14162 | D:10     | Killed a two-headed ogre
 14208 | D:10     | Identified the +4 hunting sling of Nifouhif {freeze, rN+
                  | rCorr Int+4}
 14510 | D:10     | Found an ancient bone altar of Kikubaaqudgha.
 14563 | D:10     | Found a stormy altar of Qazlal.
 14583 | D:10     | Identified the +0 helmet "Juekk" {rN+ Dex+3}
 14804 | D:10     | Killed P0WERM0DE's ghost
 14976 | D:10     | Got Xoem Qil's Disquisition on the Mountains
 14984 | D:10     | Learned a level 6 spell: Iron Shot
 14993 | D:10     | Learned a level 8 spell: Lehudib's Crystal Spear
 15124 | D:11     | Noticed a seven-headed hydra
 15503 | D:11     | Slain by a seven-headed hydra

Illustrated notes

Levels and vault maps discovered:
D:1:      heliophobic_arrival_glass_houses, layout_basic, serial_shops, shop,
          nicolae_shop_waterfront, nicolae_shop_temple_entry_statues_fountains,
          shop, nicolae_shop_unique_rings
D:2:      layout_basic, shapermc_ecumenical_altar_flowoftime,
          chequers_serial_rivers_large_a, ebering_dispersal_statue_hall,
          lightli_corner_chamber
D:3:      layout_loops_ring, lemuel_round_altar, mainiacjoe_overflow_24_doors,
          minmay_goblin_kobold_house, uniq_sigmund, uniq_ijyb, uniq_natasha
D:4:      minmay_recursive_quarters, layout_loops_corners,
          mainiacjoe_overflow_small_starburst
D:5:      layout_layer_cave, mainiacjoe_overflow_surrounded_room,
          minmay_temple_entry_glass
D:6:      layout_basic, overflow_temple_1_default, serial_shops,
          nicolae_shop_hallway_stairs
D:7:      layout_basic, nicolae_overflow_crystal_walls, lightli_temple_of_fire,
          uniq_harold, uniq_pikel, uniq_crazy_yiuf_cottage
D:8:      layout_cave_pools, enter_bailey_8, serial_park_tiny_1,
          hangedman_decor_points, minmay_evil_grid, uniq_erica
D:9:      layout_layer_cave, orc_0_dummy
D:10:     layout_basic, mainiacjoe_overflow_six_doors_small,
          general_overflow_altar, hellmonk_ghost_big_iron
D:11:     layout_basic, grunt_lair_entry_orc_guard_hut, uniq_erolcha
Temple:   cyrus_circular_temple

Skill      XL: |  1  2  3  4  5  6  7  8  9 10 11 |
---------------+----------------------------------+-----
Spellcasting   | 3 4 5 6 7 9 11 12 | 12.5
Conjurations   | 5 6 7 9 11 12 13 | 13.9
Dodging        | |  1.7
Stealth        | |  1.7
Earth Magic    | |  0.8

Action                   |  1- 3 |  4- 6 |  7- 9 | 10-12 || total
-------------------------+-------+-------+-------+-------++-------
Melee: Unarmed           |     5 |     3 |       |       ||     8
       Punch             |       |     2 |       |       ||     2
       Morningstar       |       |     3 |     9 |       ||    12
       Spear             |       |       |     1 |     8 ||     9
       Staff             |       |       |       |     2 ||     2
 Cast: Magic Dart        |    90 |    98 |   199 |   176 ||   563
       Searing Ray       |       |     3 |    22 |    61 ||    86
       Iskenderun's Myst |       |       |     7 |    65 ||    72
Evoke: Wand              |       |       |     2 |     2 ||     4
  Use: Scroll            |       |       |     9 |     9 ||    18
       Potion            |       |       |       |     3 ||     3
 Stab: Paralysed         |       |     2 |     1 |       ||     3
Armor: Robe              |     3 |     2 |    20 |     9 ||    34
Dodge: Dodged            |     8 |     9 |    25 |    36 ||    78
